[ PARTIDA AOE2 · #493863936 ]
UnrankedYurchen vs Koreans
Equipo del jugador · DERR
Equipo rival · VICT
[ ANÁLISIS DE REPETICIÓN · EXTRAÍDO DE LA PARTIDA GRABADA ]
Feudal
8:26
Castillos
24:16
Imperial
—
| APM promedio | 49.8 |
| APM pico | 82 |
| eAPM promedio | 21.5 |
| Aldeanos / militares | 42 / 17 |
Foco
⚔️ 49.1% · 🌾 50.9%
Skirmisher ×8 · Scout Cavalry ×7 · Spearman ×2
Feudal
8:26
Castillos
24:54
Imperial
—
| APM promedio | 91.8 |
| APM pico | 129 |
| eAPM promedio | 40.7 |
| Aldeanos / militares | 74 / 38 |
Foco
⚔️ 54.3% · 🌾 45.7%
Spearman ×19 · Skirmisher ×19
Mapa de la partida
Recursos iniciales + cada clic de construcción. Líneas = muros · curvas = relieve. ◆ oro · ⬟ piedra · ● bayas · ✦ reliquia · ◌ hueco del cierre
Tu base· Abierta — hueco de 5t
Base de CNZS_虐汪· Abierta — flanco sin cerrar
Terreno inicial suavizado · ◌ = hueco del cierre detectado · pasá el cursor para detalles
Inputs por minuto
— Emperor_Napoleon - - CNZS_虐汪
Build order — Emperor_Napoleon
124 acciones detectadas en el replay
| 0:00 | Crear | Villager (Male) |
| 0:01 | Crear | Villager (Male) |
| 0:02 | Construir | House |
| 0:03 | Construir | House |
| 0:06 | Crear | Villager (Male) |
| 0:07 | Crear | Villager (Male) |
| 1:22 | Crear | Villager (Male) |
| 2:01 | Crear | Villager (Male) |
| 2:12 | Crear | Villager (Male) |
| 2:19 | Construir | Lumber Camp |
| 2:28 | Crear | Villager (Male) |
| 2:54 | Crear | Villager (Male) |
| 2:59 | Construir | House |
| 3:15 | Crear | Villager (Male) |
| 3:16 | Crear | Villager (Male) |
| 3:55 | Crear | Villager (Male) |
| 3:55 | Crear | Villager (Male) |
| 4:33 | Crear | Villager (Male) |
| 4:51 | Crear | Villager (Male) |
| 4:58 | Construir | Mill |
| 5:32 | Investigar | Loom |
| 6:08 | Investigar | Feudal Age |
| 6:08 | Investigar | Feudal Age |
| 6:58 | Crear | Villager (Male) |
| 7:08 | Construir | House |
| 7:30 | Construir | Barracks |
| 7:42 | Crear | Villager (Male) |
| 8:26 | Edad | Edad Feudal |
| 8:31 | Investigar | Double-Bit Axe |
| 8:34 | Crear | Spearman |
| 8:39 | Construir | Stable |
| 8:52 | Crear | Villager (Male) |
| 9:05 | Construir | Farm |
| 9:12 | Construir | Farm |
| 9:17 | Crear | Villager (Male) |
| 9:19 | Crear | Scout Cavalry |
| 9:21 | Crear | Spearman |
| 9:40 | Crear | Scout Cavalry |
| 9:43 | Crear | Villager (Male) |
| 10:08 | Crear | Villager (Male) |
| 10:12 | Construir | House |
| 10:38 | Crear | Scout Cavalry |
| 10:58 | Crear | Villager (Male) |
| 11:21 | Crear | Villager (Male) |
| 11:41 | Construir | Archery Range |
| 11:49 | Construir | Farm |
| 11:51 | Construir | Farm |
| 11:52 | Construir | Farm |
| 12:01 | Construir | Palisade Wall |
| 12:02 | Construir | Palisade Wall |
| 12:06 | Crear | Villager (Male) |
| 12:12 | Construir | Farm |
| 12:15 | Crear | Villager (Male) |
| 12:18 | Construir | Farm |
| 12:24 | Construir | House |
| 12:32 | Crear | Skirmisher |
| 12:35 | Crear | Villager (Male) |
| 12:40 | Construir | House |
| 12:46 | Crear | Skirmisher |
| 12:57 | Construir | House |
| 12:58 | Construir | Palisade Wall |
| 13:03 | Crear | Skirmisher |
| 13:07 | Crear | Villager (Male) |
| 13:17 | Crear | Skirmisher |
| 13:20 | Crear | Villager (Male) |
| 13:29 | Crear | Skirmisher |
| 13:37 | Construir | Palisade Wall |
| 13:41 | Crear | Villager (Male) |
| 13:46 | Construir | Farm |
| 13:52 | Construir | Mining Camp |
| 13:58 | Crear | Scout Cavalry |
| 14:16 | Construir | Farm |
| 14:20 | Construir | Farm |
| 14:24 | Crear | Skirmisher |
| 14:30 | Crear | Scout Cavalry |
| 14:46 | Crear | Villager (Male) |
| 14:48 | Crear | Skirmisher |
| 15:15 | Crear | Villager (Male) |
| 15:18 | Construir | House |
| 15:22 | Construir | Stone Wall |
| 15:27 | Crear | Villager (Male) |
| 15:32 | Crear | Villager (Male) |
| 15:40 | Construir | Watch Tower |
| 15:48 | Crear | Villager (Male) |
| 16:09 | Crear | Villager (Male) |
| 16:14 | Construir | Farm |
| 16:30 | Construir | Farm |
| 16:32 | Construir | Farm |
| 16:39 | Crear | Villager (Male) |
| 16:42 | Construir | Lumber Camp |
| 16:45 | Construir | House |
| 16:46 | Construir | Palisade Wall |
| 16:53 | Construir | Farm |
| 17:08 | Crear | Skirmisher |
| 17:24 | Crear | Scout Cavalry |
| 17:26 | Crear | Villager (Male) |
| 17:30 | Construir | House |
| 17:31 | Construir | House |
| 17:46 | Crear | Villager (Male) |
| 19:07 | Crear | Villager (Male) |
| 19:11 | Construir | Watch Tower |
| 19:16 | Construir | Mining Camp |
| 19:21 | Construir | Lumber Camp |
| 19:30 | Construir | Market |
| 19:35 | Crear | Villager (Male) |
| 20:02 | Crear | Villager (Male) |
| 20:21 | Construir | Watch Tower |
| 20:37 | Crear | Villager (Male) |
| 20:40 | Construir | Blacksmith |
| 21:08 | Construir | Lumber Camp |
| 21:23 | Construir | Stone Wall |
| 21:27 | Construir | Stone Wall |
| 21:36 | Investigar | Castle Age |
| 21:36 | Investigar | Castle Age |
| 21:52 | Construir | Stone Wall |
| 22:30 | Construir | Mining Camp |
| 22:59 | Crear | Scout Cavalry |
| 23:11 | Construir | Mining Camp |
| 23:19 | Construir | Farm |
| 23:32 | Construir | House |
| 23:40 | Construir | Gate |
| 24:16 | Edad | Edad de los Castillos |
| 24:22 | Investigar | Light Cavalry (upgrade) |
| 24:22 | Investigar | Light Cavalry (upgrade) |
Build order — CNZS_虐汪
Primeras 150 de 219 acciones detectadas
| 0:00 | Crear | Villager (Male) |
| 0:01 | Crear | Villager (Male) |
| 0:02 | Construir | House |
| 0:02 | Construir | House |
| 0:07 | Crear | Villager (Male) |
| 0:07 | Crear | Villager (Male) |
| 1:19 | Crear | Villager (Male) |
| 1:48 | Crear | Villager (Male) |
| 1:48 | Crear | Villager (Male) |
| 2:20 | Crear | Villager (Male) |
| 2:20 | Crear | Villager (Male) |
| 2:41 | Crear | Villager (Male) |
| 2:49 | Construir | Lumber Camp |
| 2:59 | Crear | Villager (Male) |
| 3:09 | Crear | Villager (Male) |
| 3:25 | Crear | Villager (Male) |
| 3:57 | Construir | House |
| 4:02 | Crear | Villager (Male) |
| 4:18 | Crear | Villager (Male) |
| 4:43 | Crear | Villager (Male) |
| 4:53 | Construir | Mill |
| 5:15 | Investigar | Loom |
| 6:13 | Investigar | Feudal Age |
| 7:08 | Construir | House |
| 7:22 | Construir | Barracks |
| 7:40 | Crear | Villager (Male) |
| 8:26 | Edad | Edad Feudal |
| 8:27 | Construir | Archery Range |
| 8:30 | Crear | Spearman |
| 8:31 | Crear | Villager (Male) |
| 8:46 | Investigar | Double-Bit Axe |
| 8:46 | Investigar | Double-Bit Axe |
| 8:51 | Crear | Villager (Male) |
| 8:53 | Construir | House |
| 9:00 | Crear | Skirmisher |
| 9:08 | Crear | Skirmisher |
| 9:09 | Crear | Spearman |
| 9:28 | Crear | Villager (Male) |
| 9:48 | Construir | Palisade Wall |
| 9:48 | Construir | Palisade Wall |
| 9:49 | Construir | Palisade Wall |
| 9:56 | Crear | Skirmisher |
| 10:07 | Crear | Villager (Male) |
| 10:16 | Crear | Spearman |
| 10:16 | Crear | Spearman |
| 10:32 | Crear | Spearman |
| 10:43 | Construir | Farm |
| 10:44 | Construir | Farm |
| 10:52 | Crear | Villager (Male) |
| 10:54 | Construir | Farm |
| 11:00 | Construir | Watch Tower |
| 11:07 | Construir | Farm |
| 11:17 | Crear | Villager (Male) |
| 11:18 | Crear | Villager (Male) |
| 11:21 | Construir | House |
| 11:26 | Crear | Villager (Male) |
| 11:26 | Crear | Villager (Male) |
| 11:29 | Construir | Palisade Wall |
| 11:35 | Construir | Palisade Gate |
| 11:35 | Construir | Palisade Wall |
| 11:47 | Crear | Spearman |
| 11:52 | Crear | Villager (Male) |
| 11:54 | Construir | Palisade Wall |
| 11:55 | Construir | Palisade Wall |
| 11:56 | Construir | Palisade Wall |
| 11:56 | Construir | Palisade Wall |
| 11:57 | Construir | Palisade Wall |
| 12:01 | Construir | Farm |
| 12:02 | Crear | Skirmisher |
| 12:14 | Construir | Farm |
| 12:19 | Crear | Spearman |
| 12:28 | Crear | Villager (Male) |
| 12:28 | Crear | Villager (Male) |
| 12:35 | Crear | Skirmisher |
| 12:38 | Construir | House |
| 12:59 | Crear | Villager (Male) |
| 13:01 | Construir | House |
| 13:03 | Construir | Farm |
| 13:03 | Crear | Villager (Male) |
| 13:12 | Crear | Villager (Male) |
| 13:17 | Crear | Villager (Male) |
| 13:19 | Investigar | Horse Collar |
| 13:34 | Crear | Skirmisher |
| 13:35 | Crear | Villager (Male) |
| 13:36 | Construir | Farm |
| 13:48 | Crear | Villager (Male) |
| 13:58 | Construir | Mining Camp |
| 14:02 | Crear | Skirmisher |
| 14:07 | Construir | Palisade Wall |
| 14:10 | Construir | Palisade Wall |
| 14:10 | Construir | Palisade Wall |
| 14:11 | Construir | Palisade Wall |
| 14:15 | Crear | Villager (Male) |
| 14:20 | Construir | Farm |
| 14:21 | Construir | Farm |
| 14:27 | Construir | Palisade Wall |
| 14:30 | Crear | Villager (Male) |
| 14:42 | Crear | Villager (Male) |
| 14:45 | Construir | Farm |
| 14:52 | Construir | House |
| 14:56 | Construir | House |
| 15:06 | Crear | Spearman |
| 15:08 | Crear | Villager (Male) |
| 15:23 | Construir | Watch Tower |
| 15:24 | Crear | Skirmisher |
| 15:24 | Crear | Villager (Male) |
| 15:31 | Crear | Villager (Male) |
| 15:44 | Crear | Skirmisher |
| 15:47 | Crear | Villager (Male) |
| 15:55 | Crear | Villager (Male) |
| 15:59 | Construir | Farm |
| 16:04 | Construir | House |
| 16:17 | Crear | Skirmisher |
| 16:18 | Crear | Villager (Male) |
| 16:25 | Construir | Watch Tower |
| 16:30 | Construir | Palisade Wall |
| 16:35 | Crear | Spearman |
| 16:37 | Crear | Skirmisher |
| 16:42 | Crear | Villager (Male) |
| 16:44 | Construir | Farm |
| 16:45 | Construir | Farm |
| 16:50 | Construir | Watch Tower |
| 16:56 | Construir | Watch Tower |
| 17:01 | Crear | Villager (Male) |
| 17:04 | Crear | Villager (Male) |
| 17:13 | Crear | Spearman |
| 17:17 | Construir | Palisade Wall |
| 17:28 | Crear | Villager (Male) |
| 17:30 | Construir | Farm |
| 17:32 | Construir | Farm |
| 17:34 | Investigar | Wheelbarrow |
| 17:34 | Investigar | Wheelbarrow |
| 17:37 | Crear | Villager (Male) |
| 17:40 | Construir | House |
| 17:40 | Construir | House |
| 17:42 | Construir | House |
| 17:43 | Crear | Villager (Male) |
| 17:47 | Crear | Villager (Male) |
| 17:53 | Crear | Spearman |
| 18:02 | Construir | Farm |
| 18:03 | Crear | Villager (Male) |
| 18:07 | Construir | Mining Camp |
| 18:10 | Crear | Villager (Male) |
| 18:27 | Construir | Palisade Gate |
| 18:31 | Construir | House |
| 18:31 | Crear | Villager (Male) |
| 18:43 | Construir | Palisade Wall |
| 18:46 | Crear | Villager (Male) |
| 18:47 | Crear | Villager (Male) |
| 18:49 | Construir | Farm |
Cronología de la partida
| 7:22 | CNZS_虐汪 · first_building Barracks |
| 7:30 | Emperor_Napoleon · first_building Barracks |
| 8:26 | Emperor_Napoleon · age_up feudal |
| 8:26 | CNZS_虐汪 · age_up feudal |
| 8:27 | CNZS_虐汪 · first_building Archery Range |
| 8:39 | Emperor_Napoleon · first_building Stable |
| 9:48 | CNZS_虐汪 · wall_segment Palisade Wall x1 |
| 9:48 | CNZS_虐汪 · wall_segment Palisade Wall x1 |
| 9:49 | CNZS_虐汪 · wall_segment Palisade Wall x1 |
| 11:29 | CNZS_虐汪 · wall_segment Palisade Wall x1 |
| 11:35 | CNZS_虐汪 · wall_segment Palisade Wall x1 |
| 11:41 | Emperor_Napoleon · first_building Archery Range |
| 11:54 | CNZS_虐汪 · wall_segment Palisade Wall x2 |
| 11:55 | CNZS_虐汪 · wall_segment Palisade Wall x2 |
| 11:56 | CNZS_虐汪 · wall_segment Palisade Wall x2 |
| 11:56 | CNZS_虐汪 · wall_segment Palisade Wall x1 |
| 11:57 | CNZS_虐汪 · wall_segment Palisade Wall x1 |
| 12:01 | Emperor_Napoleon · wall_segment Palisade Wall x1 |
| 12:02 | Emperor_Napoleon · wall_segment Palisade Wall x1 |
| 12:58 | Emperor_Napoleon · wall_segment Palisade Wall x1 |
| 13:37 | Emperor_Napoleon · wall_segment Palisade Wall x1 |
| 14:07 | CNZS_虐汪 · wall_segment Palisade Wall x1 |
| 14:10 | CNZS_虐汪 · wall_segment Palisade Wall x1 |
| 14:10 | CNZS_虐汪 · wall_segment Palisade Wall x1 |
| 14:11 | CNZS_虐汪 · wall_segment Palisade Wall x1 |
| 14:27 | CNZS_虐汪 · wall_segment Palisade Wall x1 |
| 15:22 | Emperor_Napoleon · wall_segment Stone Wall x1 |
| 16:30 | CNZS_虐汪 · wall_segment Palisade Wall x1 |
| 16:46 | Emperor_Napoleon · wall_segment Palisade Wall x1 |
| 17:17 | CNZS_虐汪 · wall_segment Palisade Wall x1 |
| 18:43 | CNZS_虐汪 · wall_segment Palisade Wall x1 |
| 21:23 | Emperor_Napoleon · wall_segment Stone Wall x1 |
| 21:27 | Emperor_Napoleon · wall_segment Stone Wall x1 |
| 21:36 | Emperor_Napoleon · first_market_sell 100 wood |
| 21:52 | Emperor_Napoleon · wall_segment Stone Wall x1 |
| 22:27 | CNZS_虐汪 · wall_segment Palisade Wall x1 |
| 22:28 | CNZS_虐汪 · wall_segment Palisade Wall x1 |
| 23:15 | CNZS_虐汪 · first_building Stable |
| 24:03 | CNZS_虐汪 · wall_segment Palisade Wall x3 |
| 24:04 | CNZS_虐汪 · wall_segment Palisade Wall x3 |
| 24:16 | Emperor_Napoleon · age_up castle |
| 24:18 | CNZS_虐汪 · wall_segment Palisade Wall x1 |
| 24:32 | CNZS_虐汪 · wall_segment Palisade Wall x1 |
| 24:54 | CNZS_虐汪 · age_up castle |
| 25:03 | Emperor_Napoleon · resign |
[ ANÁLISIS IA · 1 CRÉDITO ]
¿Qué pasó realmente en esta partida?
Wolo.gg analiza cada decisión: build order, eco, micro, errores típicos por bracket. Análisis personalizado por WhatsApp o Discord en 30 segundos.
Guía civ
Yurchen
Perfil
Jugador #12452310